 Dungeon Crawl Stone Soup version 0.27-a0-577-ge2a43ba0c9 (webtiles) character file.

Game seed: 13887586421620866717

77 sahdkjhfkaj the Gusty (level 4, -1/30 HPs)
             Began as a Vampire Air Elementalist on Mar 9, 2021.
             Slain by a centaur (7 damage)
             ... on level 3 of the Dungeon.
             The game lasted 00:02:38 (2400 turns).

sahdkjhfkaj the Gusty (Vampire Air Elementalist)    Turns: 2400, Time: 00:02:39

Health: -1/30      AC:  2    Str:  7    XL:     4   Next: 14%
Magic:  7/7        EV: 12    Int: 17    God:
Gold:   115        SH:  0    Dex: 15    Spells: 6/7 levels left

rFire    . . .     SeeInvis +   (no weapon)
rCold    . . .     Faith    .   (no shield)
rNeg     . . .     Spirit   .   a - +0 robe
rPois    .         Reflect  .   (no helmet)
rElec    .         Harm     .   (no cloak)
rCorr    .         Rampage  .   (no gloves)
Will     .....                  (no boots)
Stlth    ++........             (no amulet)
HPRegen  0.30/turn              (no ring)
MPRegen  0.10/turn              (no ring)

@: regenerating quickly
A: fangs 3, see invisible, unbreathing 1
a: Exsanguinate


You were on level 3 of the Dungeon.
You visited 1 branch of the dungeon, and saw 3 of its levels.

You collected 115 gold pieces.

Inventory:

Armour
 a - a +0 robe (worn)
Wands
 j - a wand of acid (3)
Scrolls
 b - 2 scrolls of identify {unknown}
 c - a scroll of noise {unknown}
 e - a scroll of enchant armour {unknown}
 g - a scroll of teleportation {unknown}
 i - a scroll of magic mapping {unknown}
 k - a scroll of amnesia {unknown}
Potions
 d - a potion of brilliance {unknown}
 h - a potion of invisibility
 l - a potion of ambrosia {unknown}


   Skills:
 - Level 2.1 Dodging
 - Level 3.0 Stealth
 + Level 2.4 Spellcasting
 - Level 2.0 Conjurations
 - Level 4.0 Air Magic


You had 6 spell levels left.
You knew the following spells:

 Your Spells              Type           Power      Damage    Failure   Level
a - Shock                 Conj/Air       48%        1d6       5%          1

Your spell library contained the following spells:

 Spells                   Type           Power      Damage    Failure   Level
 Swiftness                Air            15%        N/A       5%          2
 Static Discharge         Conj/Air       12%        N/A       16%         3
 Airstrike                Air            7%         N/A       34%         4
 Lightning Bolt           Conj/Air       6%         1d18      83%         5


Dungeon Overview and Level Annotations

Branches:
Dungeon (3/15)

Altars:


Innate Abilities, Weirdness & Mutations

Your natural rate of healing is unusually fast.
You have razor-sharp teeth.
You have supernaturally acute eyesight. (SInv)
You can survive without breathing.


Message History

You see here a +0 club.
You see here 16 stones.
You now have 115 gold pieces (gained 12).
Items here: ( ) [ †.
Found a stone staircase leading down.
There is a stone staircase leading down here.
You see here a +0 short sword.
Done exploring.
Done exploring.
Done exploring.
(D) Dungeon
Where to? (Enter - D:2, ? - help)
You see here 14 sling bullets.
There is a stone staircase leading down here.
You climb downwards.
A leopard gecko, a giant cockroach and a centaur come into view.
Found 10 gold pieces, a lumpy citrine amulet and a coppery potion.
There is a stone staircase leading up here.
There are monsters nearby!
The zap hits the leopard gecko.
You kill the leopard gecko!
The centaur wields a +0 shortbow.
The centaur shoots an arrow.
The arrow hits you!
Ouch! That really hurt!
You climb upwards.
There is a stone staircase leading down here.
Magic restored.
HP restored.
Done exploring.
You climb downwards.
A worm comes into view.
The centaur shoots an arrow.
The arrow closely misses you.
The centaur shoots an arrow.
The arrow hits you!
There is a stone staircase leading up, spattered with blood here.
There are monsters nearby!
The centaur shoots an arrow.
The arrow hits you!
Ouch! That really hurt!
* * * LOW HITPOINT WARNING * * *
The centaur unwields a +0 shortbow.
The centaur hits you!
You die...

..........
..."..#$B##
..^.#.....
......#.# .
........### ...
#..<..#.... .
##..#......
....##..##....
........@# ...
.....#.c........
....>.!....#....
.....w....... ..
........#.....
....#........#..
............# .
....... .....


You could see a centaur, a worm and a giant cockroach.

Vanquished Creatures
  4 adders (D:2)
  2 dart slugs (D:1)
  A leopard gecko (D:3)
  4 goblins
  6 hobgoblins
  4 jackals
  6 kobolds
  3 bats
  2 frilled lizards
  4 rats
36 creatures vanquished.

Notes
Turn   | Place    | Note
-------+----------+-------------------------------------------
     0 | D:1      | sahdkjhfkaj the Vampire Air Elementalist began the quest
                  | for the Orb.
     0 | D:1      | Reached XP level 1. HP: 13/13 MP: 3/3
    91 | D:1      | Reached skill level 1 in Conjurations
   249 | D:1      | Reached XP level 2. HP: 19/19 MP: 1/5
  1460 | D:2      | Reached XP level 3. HP: 24/24 MP: 4/6
  1767 | D:2      | Reached skill level 4 in Air Magic
  1837 | D:2      | Reached XP level 4. HP: 17/30 MP: 1/7
  2339 | D:3      | Noticed a centaur
  2400 | D:3      | Slain by a centaur

Illustrated notes

Levels and vault maps discovered:
D:1:      dpeg_arrival_leaves_temple_mockup, layout_loops_cross,
          due_unseen_surprise
D:2:      layout_basic, minmay_domino_2
D:3:      layout_rooms, uniq_sigmund

Skill      XL: |  1  2  3 |
---------------+----------+-----
Conjurations   | 1 2 |  2.0
Air Magic      | 4 |  4.0
Dodging        | |  2.1
Stealth        | |  3.0
Spellcasting   | |  2.4

Action                   |  1- 3 |  4- 6 || total
-------------------------+-------+-------++-------
Melee: Unarmed           |    21 |       ||    21
 Cast: Shock             |    70 |    11 ||    81
  Use: Potion            |     2 |       ||     2
Armor: Robe              |     3 |       ||     3
Dodge: Dodged            |    25 |     1 ||    26

Table legend: (Time is in decaauts)
 A = Elapsed time spent in this place.
 B = Non-inter-level travel time spent in this place.
 C = Inter-level travel time spent in this place.
 D = Time resting spent in this place.
 E = Time spent auto-exploring this place.
 F = Levels seen in this place.
 G = Mean time per level.
                   A        B        C        D        E       F      G
               +--------+--------+--------+--------+--------+-----+--------+
         Total |   2401 |   2300 |    101 |      0 |   2037 |   3 |  800.3 |
       Dungeon |   2401 |   2300 |    101 |      0 |   2037 |   3 |  800.3 |
               +--------+--------+--------+--------+--------+-----+--------+

Top non-repeatable levels by time:
     D:1: 1245 daAuts
     D:2: 1149 daAuts
     D:3: 6 daAuts
